Unix NetHack Version 5.0.0-0 post-release - last build May 31 2026 23:59:36 (970b52f25bf058293b47ddfd14a1e40e571c508c,branch:main).

Game began 2026-06-09 16:27:08, ended 2026-06-09 22:14:30.

Enkindle23, lawful male human Samurai

                          --------
                          |......|
                          |......|
                          |.......#                                     ------
                         #-....._|#           ---------                #.....|
                         #|...F..|#           |........##              #|...(|
                      ####--------#           |.......| ##             #|....|
                      #           #       ####........|  #             #|>@..|
                      #          ##      ##   |.......|  #             #------
                     ##          #      ##    ---------  ##            ###
                     #          ##      #                 ##             #
                     #          #------ #                  ##            #
                    ##          #-....| #                   ### #######  ##
          ---------##            |....| #                    ## ------.---#
          |.......|#             |..*.-##                     # |........|#
          |.......|#             |....|                       # |.........#
          |.......|#             ------                       ##.........|
          |<.......#                                            |........|
          ---------                                             ----------

Enkindle23 the Ronin   St:14 Dx:17 Co:18 In:10 Wi:10 Ch:8  Lawful
Dlvl:5  $:260 HP:40(40) Pw:15(15) AC:3  Xp:4 T:602  Burdened

Latest messages:
 The jackal misses!
 You miss the jackal.
 The jackal just misses!
 You kill the jackal!
 There is a jackal corpse here; eat it? [ynq] (n) y
 This jackal corpse tastes okay.
 You finish eating the jackal corpse.
 k - a leash.
 You see here 5 gold pieces.
 $ - 5 gold pieces (99 in total).
 The gnome lord hits!
 You hit the gnome lord!
 The gnome lord misses!
 You kill the gnome lord!
 You see here 29 gold pieces.
 $ - 29 gold pieces (128 in total).
 You see here a large box.
 Hmmm, the large box turns out to be locked.
 There is a locked large box here; force its lock? [ynq] (q) y
 You force your katana into a crack and pry.
 You succeed in forcing the lock.
 $ - 132 gold pieces (260 in total).
 m - an unlabeled scroll.
 o - a parchment spellbook.
 You have a little trouble removing a purple-red potion.  Continue? [ynq] (q) y
 You have a little trouble removing q - a purple-red potion.
 Your movements are slowed slightly because of your load.
 You fall down the stairs.
 You see here a pair of buckled boots.
 You have a little trouble lifting r - a pair of buckled boots.
 What do you want to wear? [r or ?*] r
 You finish your dressing maneuver.
 You hear a jackal howling at the moon.
 You flounder.
 You make a lot of noise!
 You slip and nearly fall.
 You make a lot of noise!
 You climb up the stairs.
 You feel strong!
 You must have been exercising diligently.
 You feel wise!
 You must have been very observant.
 What do you want to take off? [er or ?*] ?
 You can't.  They are cursed.
 Really quit without saving? [yn] (n) y
 Do you want your possessions identified? [ynq] (y) y
 Do you want to see your attributes? [ynq] (y) y
 Do you want an account of creatures vanquished? [ynaq] (y) y
 Do you want to see your conduct and achievements? [ynq] (y) y
 Do you want to see the dungeon overview? [ynq] (y) y

Inventory:
 Coins    ('$')
  $ - 260 gold pieces
 Weapons  (')')
  d - 43 +0 ya (in quiver)
  c - a +0 yumi
  a - a +0 katana (weapon in right hand)
  n - a +0 long sword
  b - a +0 wakizashi (alternate weapon; not wielded)
 Armor    ('[')
  r - a cursed -3 pair of fumble boots (being worn)
  e - an uncursed rustproof +3 splint mail (being worn)
 Scrolls  ('?')
  m - an uncursed scroll of blank paper
 Spellbooks  ('+')
  p - an uncursed spellbook of charm monster
  f - an uncursed spellbook of detect monsters
  o - an uncursed spellbook of light
 Potions  ('!')
  h - an uncursed potion of healing
  q - an uncursed potion of sickness
  g - an uncursed potion of speed
 Wands    ('/')
  i - a wand of digging (0:4)
 Tools    ('(')
  k - an uncursed leash
  j - an uncursed mirror
 Gems/Stones  ('*')
  l - an uncursed jade stone

Enkindle23 the Samurai's attributes:

Background:
 You were a Ronin, a level 4 male human Samurai.
 You were lawful, on a mission for Amaterasu Omikami
 who was opposed by Raijin (neutral) and Susanowo (chaotic).
 You were right-handed.
 You were in the Dungeons of Doom, on level 5.
 You entered the dungeon 602 turns ago.
 It was nighttime.
 You had 106 experience points, 54 more were needed to attain level 5.

Basics:
 You had all 40 hit points.
 You had all 15 energy points (spell power).
 Your armor class was 3.
 Your wallet contained 260 zorkmids.
 Autopickup was off.

Final Characteristics:
 Your strength was 14 (limit:18/100).
 Your dexterity was 17 (limit:18).
 Your constitution was 18 (limit:18).
 Your intelligence was 10 (limit:18).
 Your wisdom was 10 (limit:18).
 Your charisma was 8 (limit:18).

Final Status:
 You fumbled.
 You weren't hungry.
 You were burdened; movement was slightly slowed.
 You were wielding a long sword.
 You had basic skill with long sword.

Final Attributes:
 You were fervently aligned.
 You were warded.
 Your spell casting was impaired by metallic armor.
 You were fast.
 You survived.

Miscellaneous:
 You encountered 1 bones level.
 Total elapsed playing time was 39 minutes and 53 seconds.

Major events:
 Turn
    1: Enkindle23 the lawful male human Samurai entered the dungeon
  215: attained the rank of Ronin (level 3)
  602: quit

Spells:
 Name                 Level Category     Fail Retention
 charm monster          5   enchantment  100%  76%-100%

Skills:
 Fighting Skills
   martial arts      [Basic]
   two weapon combat [Unskilled]
   riding            [Unskilled]
 Weapon Skills
   dagger            [Unskilled]
   knife             [Unskilled]
   short sword       [Basic]
   broadsword        [Unskilled]
   long sword        [Basic]
   two-handed sword  [Unskilled]
   saber             [Unskilled]
   flail             [Unskilled]
   quarterstaff      [Unskilled]
   polearms          [Unskilled]
   spear             [Unskilled]
   lance             [Unskilled]
   bow               [Basic]
   shuriken          [Unskilled]
 Spellcasting Skills
   attack spells     [Unskilled]
   divination spells [Unskilled]
   clerical spells   [Unskilled]

Voluntary challenges:
 Character rerolling was not enabled.
 You never genocided any monsters.
 You never polymorphed an object.
 You never changed form.
 You used no wishes.
Achievements:
 You entered a shop.
 You attained the rank of Ronin.

 The Dungeons of Doom: levels 1 to 6
    Level 1:
       A fountain.
    Level 2:
    Level 3:
       A fountain.
    Level 4:
       A food shop, an altar, a sink.
       Final resting place for
          AndiBanandi-Val-Dwa-Fem-Law, killed by a rock mole.
    Level 5: <- You were here.
       An altar.
    Level 6:


Vanquished creatures:
 an imp
  a rock mole
  a fog cloud
  a gnome leader
  a straw golem
  a giant ant
  a homunculus
  a jackal
  a fox
  a grid bug
  a lichen
  2 newts
13 creatures vanquished.

No species were genocided or became extinct.

Sayonara Enkindle23 the Samurai...

You quit in The Dungeons of Doom on dungeon level 5 with 954 points,
and 260 pieces of gold, after 602 moves.
You were level 4 with a maximum of 40 hit points when you quit.

